 Dungeon Crawl Stone Soup version 0.30-a0-930-gb9d0489357 (webtiles) character file.

Game seed: 14243938015830057895

989 mopl the Magician (level 8, -5/46 HPs)
             Began as an Octopode Hedge Wizard on Mar 23, 2023.
             Was a Follower of Vehumet.
             Slain by a killer bee (9 damage)
             ... on level 6 of the Dungeon.
             The game lasted 00:07:56 (4521 turns).

mopl the Magician (Octopode Hedge Wizard)           Turns: 4521, Time: 00:07:57

Health: -5/46      AC:  1    Str:  9    XL:     8   Next: 18%
Magic:  15/15      EV: 13    Int: 18    God:    Vehumet [*.....]
Gold:   205        SH:  0    Dex: 12    Spells: 6/17 levels left

rFire   . . .      SeeInvis .    a - +0 dagger (venom)
rCold   . . .      Faith    .    (no shield)
rNeg    . . .      Spirit   .    b - +0 hat
rPois   .          Reflect  .    (no amulet)
rElec   .          Rampage  .    (no ring)
rCorr   .                        (no ring)
Will    .....                    (no ring)
Stlth   +++                      (no ring)
HPRegen 0.27/turn                (no ring)
MPRegen 0.14/turn                (no ring)
                                 (no ring)
                                 (no ring)

@: lethally poisoned (-5 -> -13)
A: almost no armour, amphibious, 8 rings, camouflage 1, gelatinous body 1,
(nimble swimmer 1), tentacles
a: Renounce Religion


You were on level 6 of the Dungeon.
You worshipped Vehumet.
Vehumet was aware of your devotion.
You visited 2 branches of the dungeon, and saw 7 of its levels.

You collected 205 gold pieces.

Inventory:

Hand Weapons
 a - a +0 dagger of venom (weapon)
Missiles
 f - 3 boomerangs
 q - 6 poisoned darts
Armour
 b - a +0 hat (worn)
Jewellery
 l - a ring of flight
 o - a ring of ice
Wands
 t - a wand of digging (5)
Scrolls
 i - a scroll of fog {unknown}
 j - 2 scrolls of enchant armour {unknown}
 k - a scroll of poison {unknown}
 m - a scroll of vulnerability {unknown}
 p - 2 scrolls of teleportation {unknown}
 u - a scroll of magic mapping {unknown}
Potions
 c - 2 potions of magic
 d - a potion of lignification {!q}
 e - 2 potions of haste
 g - a potion of heal wounds
 h - 3 potions of might
 n - 2 potions of mutation {!q}
 s - a potion of brilliance {unknown}


   Skills:
 - Level 2.0 Dodging
 - Level 2.6 Stealth
 + Level 5.0 Spellcasting
 + Level 4.4 Conjurations
 - Level 1.0 Summonings
 - Level 4.0 Translocations
 + Level 3.2 Air Magic
 + Level 4.6 Poison Magic


You had 6 spell levels left.
You knew the following spells:

 Your Spells              Type           Power      Damage    Failure   Level
a - Magic Dart            Conj           80%        1d7       2%          1
b - Arcjolt               Conj/Air       9%         1d19      61%         5
c - Mephitic Cloud        Conj/Pois/Air  19%        N/A       8%          3
e - Blink                 Tloc           36%        N/A       3%          2

Your spell library contained the following spells:

 Spells                   Type           Power      Damage    Failure   Level
 Shock                    Conj/Air       72%        1d7       2%          1
 Static Discharge         Conj/Air       36%        2-4/arc   4%          2
 Kiss of Death            Conj/Necr      48%        2d9       5%          1
 Cigotuvi's Dreadful Rot  Necr/Pois/Air  26%        N/A       7%          2
 Vhi's Electric Charge    Tloc/Air       34%        N/A       9%          3
 Slow                     Hex            16%        N/A       13%         1
 Call Imp                 Summ           8%         N/A       13%         2
 Confusing Touch          Hex            4%         N/A       36%         3
 Dispel Undead            Necr           4%         3d7       78%         4
 Plasma Beam              Fire/Air       5%         2x1d17    88%         5
 Monstrous Menagerie      Summ           4%         N/A       100%        7
 Spellforged Servitor     Conj/Summ      7%         N/A       100%        7


Dungeon Overview and Level Annotations

Branches:
Dungeon (6/15)             Temple (1/1) D:4

Altars:
Ashenzari
Cheibriados
Dithmenos
Elyvilon
Gozag
Hepliaklqana
Qazlal
Ru
Sif Muna
Vehumet
Wu Jian
Xom
Yredelemnul
The Shining One

Shops:
D:1 (

Annotations:
D:5 Grinder


Innate Abilities, Weirdness & Mutations

You cannot wear most types of armour.
You are amphibious.
You can wear up to eight rings at the same time.
Your skin changes colour to match your surroundings (Stealth+).
Your rubbery body absorbs attacks. (AC +1, EV +1)
((You are camouflaged when in or above water. (Stealth+)))
You have tentacles for arms and can constrict up to eight enemies at once.


Message History

The killer bee misses you.
You closely miss the killer bee. Your grab misses the killer bee.
The killer bee closely misses you. The killer bee misses you.
You miss the killer bee. Your grab misses the killer bee.
Your squeeze misses the killer bee. The killer bee closely misses you.
The killer bee completely misses you.
You barely miss the killer bee. Your grab misses the killer bee.
The killer bee completely misses you. The killer bee closely misses you.
You miss the killer bee. Your grab misses the killer bee.
The killer bee closely misses you. The killer bee barely misses you.
You miss the killer bee. Your grab misses the killer bee.
The killer bee stings you! The killer bee misses you.
You hit the killer bee.
The killer bee is poisoned.
Your grab misses the killer bee.
The killer bee is lightly wounded.
The killer bee barely misses you. The killer bee stings you.
You are poisoned.
The killer bee poisons you!
You hit the killer bee but do no damage.
Your grab misses the killer bee. Your squeeze misses the killer bee.
The killer bee is lightly wounded.
You feel sick. The killer bee misses you. The killer bee closely misses you.
You miss the killer bee. Your grab misses the killer bee.
Your squeeze misses the killer bee.
The killer bee is moderately wounded.
You feel sick. The killer bee stings you. The killer bee completely misses you.
You barely miss the killer bee. You grab the killer bee.
Your squeeze misses the killer bee.
The killer bee is heavily wounded.
You constrict the killer bee, but do no damage.
You feel sick. The killer bee stings you!
* * * LOW HITPOINT WARNING * * *
You are more poisoned.
The killer bee poisons you! The killer bee stings you!
* * * LOW HITPOINT WARNING * * *
You release your grip on the killer bee.
* * * LOW HITPOINT WARNING * * *
You feel sick. The killer bee closely misses you. The killer bee misses you.
The killer bee stings you!
You die...

#......y......##
#########.y...#
###...# #...#
#...# ##..#
#...# ##y..#
#######.@..#
#........y.#
...#####.....#
##.....#
#......#
.......#
..##...# .##
#..# ..#


You could see 2 killer bees.

Vanquished Creatures
  A black bear (D:5)
  2 phantoms (D:5)
  A bullfrog (D:2)
  3 scorpions
  2 killer bees (D:6)
  2 hounds (D:4)
  An orc priest (D:5)
  An iguana (D:5)
  3 orc wizards (D:5)
  Robin (D:4)
  4 gnolls (D:4)
  5 adders
  A worm (D:5)
  2 dart slugs
  5 orcs
  11 ball pythons
  7 endoplasms
  3 giant cockroaches
  12 goblins
  4 hobgoblins
  10 jackals
  5 kobolds
  6 quokkas
  6 bats
  3 frilled lizards
  10 rats
111 creatures vanquished.

Vanquished Creatures (collateral kills)
  A killer bee (D:6)
1 creature vanquished.

Grand Total: 112 creatures vanquished

Notes
Turn   | Place    | Note
-------+----------+-------------------------------------------
     0 | D:1      | mopl the Octopode Hedge Wizard began the quest for the Orb.
     0 | D:1      | Reached XP level 1. HP: 11/11 MP: 4/4
    41 | D:1      | Found Nouheod's Weapon Shoppe.
   119 | D:1      | Reached XP level 2. HP: 17/17 MP: 0/6
   133 | D:1      | Learned a level 2 spell: Blink
   190 | D:1      | Got the Meditations on Accomplices
   403 | D:1      | Found a faded altar of an unknown god.
   668 | D:2      | Reached XP level 3. HP: 12/21 MP: 7/7
   725 | D:2      | Found a basalt altar of Yredelemnul.
   763 | D:2      | Learned a level 3 spell: Mephitic Cloud
   880 | D:2      | Reached skill level 2 in Translocations
   904 | D:2      | Reached skill level 2 in Conjurations
  1353 | D:3      | Reached XP level 4. HP: 17/27 MP: 6/9
  1359 | D:3      | HP: 1/27 [ball python (2)]
  1368 | D:3      | HP: 1/27 [jackal (2)]
  1371 | D:3      | Reached skill level 1 in Poison Magic
  1484 | D:3      | Noticed a bullfrog
  1495 | D:2      | Killed a bullfrog
  1496 | D:2      | Reached XP level 5. HP: 15/31 MP: 5/10
  1584 | D:3      | Reached skill level 2 in Poison Magic
  1948 | D:3      | Identified the +2 leather armour "Ytois" {rF+ Str-4 Int+3
                  | Dex+2}
  2266 | D:4      | Reached skill level 4 in Spellcasting
  2266 | D:4      | Reached skill level 3 in Translocations
  2266 | D:4      | Reached XP level 6. HP: 34/36 MP: 3/12
  2413 | D:4      | Found a staircase to the Ecumenical Temple.
  2432 | Temple   | Entered the Ecumenical Temple
  2522 | Temple   | Became a worshipper of Vehumet
  2562 | D:4      | Reached skill level 1 in Air Magic
  2585 | D:4      | Reached skill level 3 in Conjurations
  2757 | D:4      | Noticed Robin
  2776 | D:5      | Entered Level 5 of the Dungeon
  2938 | D:4      | Killed Robin
  2953 | D:4      | Reached skill level 3 in Poison Magic
  3108 | D:4      | Reached XP level 7. HP: 37/41 MP: 7/13
  3268 | D:5      | Reached skill level 2 in Air Magic
  3698 | D:5      | Reached * piety under Vehumet
  3698 | D:5      | Offered knowledge of Shock by Vehumet.
  3711 | D:5      | Reached skill level 4 in Conjurations
  3711 | D:5      | Reached skill level 4 in Translocations
  3711 | D:5      | Reached skill level 4 in Poison Magic
  3950 | D:5      | Learned a level 5 spell: Arcjolt
  3984 | D:5      | Noticed Grinder
  4296 | D:5      | Reached XP level 8. HP: 34/46 MP: 9/15
  4368 | D:6      | Reached skill level 3 in Air Magic
  4394 | D:6      | Reached skill level 5 in Spellcasting
  4521 | D:6      | Slain by a killer bee

Illustrated notes

Levels and vault maps discovered:
D:1:      dpeg_arrival_simpleton_b, layout_basic,
          shapermc_ecumenical_altar_notcrosses, serial_shops, shop
D:2:      layout_rooms, serial_aquarium, aquarium_bridge_long_separate
          [aquarium_subvault_balcony, aquarium_subvault_bridge,
          aquarium_subvault_wall, aquarium_subvault_wall,
          aquarium_subvault_bridge, aquarium_subvault_bridge],
          aquarium_window_fake, aquarium_window_corridor_1,
          aquarium_window_fake, aquarium_view_2f, aquarium_balcony_1b,
          aquarium_pool_double, basic_altar
D:3:      layout_loops_ring, minmay_misc_feat_ornament
D:4:      layout_basic, temple_hall, uniq_robin
D:5:      layout_loops_ring, amethyst_killhole, uniq_grinder
D:6:      layout_layer_cave, serial_bayou_pond_d,
          minmay_a_box_with_orc_wizards_in_it
Temple:   nicolae_temple_bog_church

Skill      XL: |  1  2  3  4  5  6  7  8 |
---------------+-------------------------+-----
Translocations | 2 3 4 |  4.0
Conjurations   | 2 3 4 |  4.4
Poison Magic   | 1 2 3 4 |  4.6
Spellcasting   | 4 5 |  5.0
Air Magic      | 1 2 3 |  3.2
Dodging        | |  2.0
Stealth        | |  2.6
Summonings     | |  1.0

Action                     |  1- 3 |  4- 6 |  7- 9 || total
---------------------------+-------+-------+-------++-------
  Melee: Dagger            |    81 |    71 |    54 ||   206
         Tentacles         |    15 |    22 |    14 ||    51
         Constrict         |    20 |    23 |    13 ||    56
         Punch             |     1 |     1 |       ||     2
   Cast: Magic Dart        |    28 |    79 |    54 ||   161
         Blink             |       |     1 |       ||     1
         Mephitic Cloud    |       |       |     3 ||     3
    Use: Scroll            |       |     7 |       ||     7
         Potion            |       |       |     1 ||     1
   Stab: Sleeping          |     9 |     4 |     2 ||    15
 Armour: Skin              |     7 |     4 |     3 ||    14
  Dodge: Dodged            |    59 |    56 |    54 ||   169

Table legend: (Time is in decaauts)
 A = Elapsed time spent in this place.
 B = Non-inter-level travel time spent in this place.
 C = Inter-level travel time spent in this place.
 D = Time resting spent in this place.
 E = Time spent auto-exploring this place.
 F = Levels seen in this place.
 G = Mean time per level.
                   A        B        C        D        E       F      G
               +--------+--------+--------+--------+--------+-----+--------+
         Total |   4523 |   4327 |    196 |    894 |   2612 |   7 |  646.1 |
       Dungeon |   4396 |   4236 |    160 |    894 |   2538 |   6 |  732.7 |
        Temple |    126 |     90 |     36 |      0 |     74 |   1 |  126.0 |
               +--------+--------+--------+--------+--------+-----+--------+

Top non-repeatable levels by time:
     D:5: 1380 daAuts
     D:2: 870 daAuts
     D:3: 736 daAuts
     D:4: 698 daAuts
     D:1: 642 daAuts
  Temple: 126 daAuts
     D:6: 69 daAuts
